 Dungeon Crawl Stone Soup version 0.21-a0-460-g737a915 (webtiles) character file.

17 4thArraOfDagon the Firebug (level 2, 0/15 HPs)
             Began as a Tengu Fire Elementalist on Nov 20, 2017.
             Succumbed to an adder's poison
             ... on level 3 of the Dungeon.
             The game lasted 00:01:18 (253 turns).

4thArraOfDagon the Firebug (Tengu Fire Elementalist) Turns: 253, Time: 00:01:19

Health: 0/15       AC:  2    Str:  8    XL:     2   Next: 62%
Magic:  4/15       EV: 12    Int: 15    God:
Gold:   45         SH:  0    Dex: 14    Spells: 4/5 levels left

rFire    . . .     SeeInvis .   (no weapon)
rCold    . . .     Gourm    .   (no shield)
rNeg     . . .     Faith    .   a - +0 robe
rPois    .         Spirit   .   (helmet restricted)
rElec    .         Reflect  .   (no cloak)
rCorr    .         Harm     .   (no gloves)
MR       .....                  (boots unavailable)
Stlth    ++........             (no amulet)
HPRegen  0.05/turn              f - ring of magical power
MPRegen  0.14/turn              (no ring)

@: lethally poisoned (0 -> -12)
A: beak, talons 3
a: no special abilities


You were on level 3 of the Dungeon.
You were not hungry.

You visited 1 branch of the dungeon, and saw 3 of its levels.

You collected 45 gold pieces.

Inventory:

Armour
 a - a +0 robe (worn)
Jewellery
 f - a ring of magical power (left hand)
Scrolls
 e - a scroll of remove curse {unknown}
 g - a scroll of teleportation {unknown}
Books
 b - a book of Flames

   Spells                             Type                      Level
   a - Flame Tongue                   Conjuration/Fire             1
   b - Throw Flame                    Conjuration/Fire             2
   c - Conjure Flame                  Conjuration/Fire             3
   d - Inner Flame                    Hexes/Fire                   3
   e - Sticky Flame                   Conjuration/Fire             4
   f - Fireball                       Conjuration/Fire             5
Comestibles
 c - a bread ration
 d - a royal jelly


   Skills:
 - Level 2.1 Dodging
 - Level 2.0 Stealth
 + Level 2.2 Spellcasting
 * Level 2.4 Conjurations
 * Level 3.7 Fire Magic


You had 4 spell levels left.
You knew the following spells:

 Your Spells              Type           Power        Failure   Level  Hunger
a - Flame Tongue          Conj/Fire      ##...        6%          1    #......


Dungeon Overview and Level Annotations

Branches:
Dungeon (3/15)

Altars:

Annotations:
D:3 Terence


Innate Abilities, Weirdness & Mutations

You have a beak for a mouth.
You have claws for feet.


Message History

The flame tongue hits the adder.
The adder is severely wounded.
You feel sick. The adder bites you.
* * * LOW HITPOINT WARNING * * *
You are more poisoned.
The adder poisons you!
Casting: Flame Tongue
Confirm with . or Enter, or press ? or * to list all spells.
Aiming: Flame Tongue
Press: ? - help, Shift-Dir - straight line, f/p - adder
Aim: an adder (severely wounded)
The flame tongue hits the adder.
You kill the adder!
Unknown command.
You aren't carrying any potions.
Really walk into that teleport trap?
You enter a teleport trap!
The teleport trap disappears.
Your surroundings suddenly seem different.
A bat comes into view.
You die...

#####
#...#
#..@#
#......#
#...####
#..b.
#....
####..
#? ..


You could see a bat (sleeping).

Vanquished Creatures
  An adder (D:3)
  A giant cockroach (D:3)
  A goblin (D:3)
  A hobgoblin (D:2)
  A kobold (D:2)
  A bat (D:1)
  2 frilled lizards
8 creatures vanquished.

Notes
Turn   | Place    | Note
-------+----------+-------------------------------------------
     0 | D:1      | 4thArraOfDagon the Tengu Fire Elementalist began the quest for the Orb.
     0 | D:1      | Reached XP level 1. HP: 10/10 MP: 4/4
   149 | D:3      | Noticed Terence
   208 | D:3      | Reached XP level 2. HP: 15/15 MP: 5/6
   253 | D:3      | Succumbed to an adder's poison

Vault maps used:
D:1:      dpeg_arrival_signposts, minmay_tetromino_o4
D:2:      kennysheep_big_flooded_room
D:3:      nicolae_ru_awakened_eye, hex_intersection, uniq_terence

Skill      XL: |  1 |
---------------+----+-----
Conjurations   | 2 |  2.4
Dodging        | |  2.1
Stealth        | |  2.0
Spellcasting   | |  2.2
Fire Magic     | |  3.7

Action                   || total
-------------------------++-------
 Cast: Flame Tongue      ||    20
Armor: Robe              ||     1
Dodge: Dodged            ||     4

Table legend:
 A = Spawn XP
 B = Non-spawn XP
 C = Spawn XP percentage of total XP
 D = Spawn monster count
 E = Non-spawn monster count
 F = Spawn count percentage of total count
 G = Total turns spent on level
                    A         B        C        D         E        F      G
               +---------+---------+-------+---------+---------+-------+---------
         Total |       0 |      25 |   0.0 |       0 |       8 |   0.0 |   253
               +---------+---------+-------+---------+---------+-------+---------
           D:1 |       0 |       2 |   0.0 |       0 |       2 |   0.0 |    58
           D:2 |       0 |       4 |   0.0 |       0 |       2 |   0.0 |    76
           D:3 |       0 |      19 |   0.0 |       0 |       4 |   0.0 |   119
               +---------+---------+-------+---------+---------+-------+---------
